 Dungeon Crawl Stone Soup version 0.21.1-1-g345015f (webtiles) character file.

30 tidbits the Insei (level 3, 0/28 HPs)
             Began as a Gnoll Transmuter on Feb 11, 2018.
             Slain by a gnoll
             ... wielding a +0 spear
              (2 damage)
             ... on level 2 of the Dungeon.
             The game lasted 00:01:42 (155 turns).

tidbits the Insei (Gnoll Transmuter)                 Turns: 155, Time: 00:01:42

Health: 0/28       AC:  3    Str: 12    XL:     3   Next: 20%
Magic:  5/9        EV: 14    Int: 16    God:
Gold:   10         SH:  0    Dex: 15    Spells: 9/12 levels left

rFire    . . .     SeeInvis .     - Unarmed
rCold    . . .     Gourm    .   (no shield)
rNeg     . . .     Faith    .   b - +0 robe
rPois    .         Spirit   .   (no helmet)
rElec    .         Reflect  .   (no cloak)
rCorr    .         Harm     .   G - +0 pair of gloves
MR       .....                  (no boots)
Stlth    ++........             (no amulet)
HPRegen  0.09/turn              (no ring)
MPRegen  0.11/turn              (no ring)

@: appendage
A: distributed training, fangs 1, horns 2, strong nose
a: End Transformation


You were on level 2 of the Dungeon.
You were not hungry.
You had grown temporary horns.
You visited 1 branch of the dungeon, and saw 2 of its levels.

You collected 10 gold pieces.

Inventory:

Hand Weapons
 e - a +0 short sword
Missiles
 a - 11 arrows
 f - 3 stones (quivered)
Armour
 b - a +0 robe (worn)
 G - a +0 pair of gloves (worn)
Books
 c - a book of Changes

   Spells                             Type                      Level
   a - Beastly Appendage              Transmutation                1
   b - Sticks to Snakes               Transmutation                2
   c - Spider Form                    Transmutation/Poison         3
   d - Ice Form                       Ice/Transmutation            4
   e - Blade Hands                    Transmutation                5
Comestibles
 d - a ration


   Skills:
 + Level 2.5 Fighting
 + Level 0.6 Short Blades
 + Level 0.6 Long Blades
 + Level 0.6 Axes
 + Level 0.6 Maces & Flails
 + Level 0.6 Polearms
 + Level 0.6 Staves
 + Level 0.6 Slings
 + Level 0.6 Bows
 + Level 0.6 Crossbows
 + Level 0.6 Throwing
 + Level 0.6 Armour
 + Level 4.5 Dodging
 + Level 0.6 Stealth
 + Level 0.6 Shields
 + Level 6.5 Unarmed Combat
 + Level 5.0 Spellcasting
 + Level 0.4 Conjurations
 + Level 0.4 Hexes
 + Level 0.4 Charms
 + Level 0.4 Summonings
 + Level 0.4 Necromancy
 + Level 0.4 Translocations
 + Level 3.7 Transmutations
 + Level 0.4 Fire Magic
 + Level 0.4 Ice Magic
 + Level 0.4 Air Magic
 + Level 0.4 Earth Magic
 + Level 0.4 Poison Magic
 + Level 0.8 Invocations
 + Level 0.6 Evocations


You had 9 spell levels left.
You knew the following spells:

 Your Spells              Type           Power        Failure   Level  Hunger
e - Beastly Appendage     Tmut           ###...       3%          1    None
k - Sticks to Snakes      Tmut           ###.....     4%          2    #......


Dungeon Overview and Level Annotations

Branches:
Dungeon (2/15)

Altars:


Innate Abilities, Weirdness & Mutations

Your experience applies equally to all skills.
You have very sharp teeth.
Your uncanny sense of smell can sniff out nearby items.
You have a pair of horns on your head.


Message History

You hit the bat.
You kill the bat!
e - a pair of gloves Wear which item? (? for menu, Esc to quit)
You start putting on your armour.
You continue putting on your pair of gloves. x4
You finish putting on your +0 pair of gloves.
Adjust (i)tems, (s)pells, or (a)bilities?
Adjust which item? (? for menu, Esc to quit)
e - a +0 pair of gloves (worn)
Adjust to which letter? (? for menu, Esc to quit)
G - a +0 pair of gloves (worn)
Your talons disappear.
You open the door.
There is an open door here.
A hobgoblin comes into view.
Casting: Beastly Appendage
Confirm with . or Enter, or press ? or * to list all spells.
Your feet morph into talons.
The helpless hobgoblin fails to defend itself.
You hit the hobgoblin.
You kill the hobgoblin!
Your transformation is almost over.
A rat comes into view.
A kobold comes into view. It is wielding a short sword.
The kobold shouts!
The kobold throws a stone.
The stone closely misses you. The rat barely misses you.
You barely miss the rat.
You kill the rat!
The kobold throws a stone.
The stone hits you but does no damage. The kobold misses you.
You see here a rat corpse.
You hit the kobold but do no damage.
You kill the kobold!
Things that are here:
a short sword; 3 stones; a kobold corpse
e - a short sword;
f - 3 stones Your talons disappear.
You see here a rat corpse.
You see here a stone.
A rat comes into view.
You see here a stone.
The rat closely misses you.
A gnoll comes into view. It is wielding a spear.
Casting: Beastly Appendage
Confirm with . or Enter, or press ? or * to list all spells.
You grow a pair of large bovine horns.
The gnoll shouts!
You hear a shout!
The rat misses you.
You hear a shout!
You hit the rat.
You kill the rat!
Casting: Beastly Appendage
Confirm with . or Enter, or press ? or * to list all spells.
You create a snake!
You now have 11 arrows.
A gnoll comes into view. It is wielding a spear.
The gnoll closely misses you.
Your ball python bites the gnoll.
Your ball python grabs the gnoll.
Your ball python constricts the gnoll.
A gnoll comes into view. It is wielding a spear.
You hit the gnoll.
The gnoll is moderately wounded.
The gnoll hits you with a spear!
Your ball python bites the gnoll but does no damage.
Your ball python constricts the gnoll.
You hit the gnoll.
The gnoll is heavily wounded.
The gnoll closely misses you.
Your ball python bites the gnoll.
Your ball python constricts the gnoll.
You hit the gnoll.
You kill the gnoll!
You aren't carrying any potions.
Unknown command.
A gnoll comes into view. It is wielding a club.
The gnoll misses you.
Unknown command.
You hit the gnoll but do no damage.
Your ball python closely misses the gnoll.
Your ball python grabs the gnoll.
Your ball python constricts the gnoll.
The gnoll misses you. x2
You hit the gnoll.
The gnoll is moderately wounded.
Your ball python completely misses the gnoll.
Your ball python constricts the gnoll.
The gnoll barely misses you.
You punch the gnoll!
The gnoll is almost dead.
Your ball python bites the gnoll but does no damage.
Your ball python constricts the gnoll.
The gnoll hits you with a spear!
* * * LOW HITPOINT WARNING * * *
The gnoll hits you from afar with a spear.
* * * LOW HITPOINT WARNING * * *
You punch the gnoll!
You kill the gnoll!
Your Spellcasting skill increases to level 5!
You have reached level 3!
Your experience leads to an increase in your attributes!
Increase (S)trength, (I)ntelligence, or (D)exterity?
You feel clever.
The gnoll hits you from afar with a spear.
You die...

#.#......†#
#.#.#####†# #.#.#
#(########
###.#.#####.#......#
..........#.#.####.#
###.#.†.....(....#.#
##...########.##.#.#
#.....# #.##.#.#
##...## #.##@#.#
##.## #..†.S.# #.#
####g### #.# #g#
##'## #.# ##...##
#.# #.....## ..#
.......## .##
........# .


You could see 2 gnolls and a friendly ball python.

Vanquished Creatures
  2 gnolls (D:2)
  A leopard gecko (D:1)
  A goblin (D:1)
  A hobgoblin (D:2)
  A kobold (D:2)
  A ball python (D:1)
  3 bats
  A frilled lizard (D:2)
  3 rats
14 creatures vanquished.

Notes
Turn   | Place    | Note
-------+----------+-------------------------------------------
     0 | D:1      | tidbits the Gnoll Transmuter began the quest for the Orb.
     0 | D:1      | Reached XP level 1. HP: 17/17 MP: 6/6
    75 | D:2      | Reached XP level 2. HP: 15/23 MP: 5/7
    79 | D:2      | Learned a level 2 spell: Sticks to Snakes
   153 | D:2      | HP: 2/23 [gnoll/spear (3)]
   154 | D:2      | Reached skill level 5 in Spellcasting
   154 | D:2      | Reached XP level 3. HP: 2/28 MP: 5/9
   155 | D:2      | Slain by a gnoll

Skill      XL: |  1  2 |
---------------+-------+-----
Spellcasting   | 5 |  5.0
Fighting       | |  2.5
Short Blades   | |  0.6
Long Blades    | |  0.6
Axes           | |  0.6
Maces & Flails | |  0.6
Polearms       | |  0.6
Staves         | |  0.6
Slings         | |  0.6
Bows           | |  0.6
Crossbows      | |  0.6
Throwing       | |  0.6
Armour         | |  0.6
Dodging        | |  4.5
Stealth        | |  0.6
Shields        | |  0.6
Unarmed Combat | |  6.5
Conjurations   | |  0.4
Hexes          | |  0.4
Charms         | |  0.4
Summonings     | |  0.4
Necromancy     | |  0.4
Translocations | |  0.4
Transmutations | |  3.7
Fire Magic     | |  0.4
Ice Magic      | |  0.4
Air Magic      | |  0.4
Earth Magic    | |  0.4
Poison Magic   | |  0.4
Invocations    | |  0.8
Evocations     | |  0.6

Action                   || total
-------------------------++-------
Melee: Unarmed           ||    27
       Kick              ||     5
       Bite              ||     1
 Cast: Beastly Appendage ||     6
       Sticks to Snakes  ||     1
 Stab: Sleeping          ||     3
Armor: Robe              ||     5
Dodge: Dodged            ||    21

Table legend:
 A = Turns spent in this place as a percentage of turns spent in the entire game.
 B = Non-inter-level travel turns spent in this place as a percentage of non-inter-level travel turns spent in the entire game.
 C = Inter-level travel turns spent in this place as a percentage of turns spent in this place.
 D = Turns resting spent in this place as a percentage of non-inter-level travel turns spent in this place.
 E = Turns spent auto-exploring this place as a percentage of non-inter-level travel turns spent in this place.
 F = Non-inter-level travel turns spent in this place divided by the number of levels of this place that you've seen.
                   A       B       C       D       E      F
               +-------+-------+-------+-------+-------+----------------------
         Total | 100.0 | 100.0 |   0.0 |   0.0 |   0.0 |  77.5
       Dungeon | 100.0 | 100.0 |   0.0 |   0.0 |   0.0 |  77.5
               +-------+-------+-------+-------+-------+----------------------

Table legend:
 A = Kills in this place as a percentage of kills in entire the game.
 B = Kills by you in this place as a percentage of kills by you in the entire game.
 C = Kills by friends in this place as a percentage of kills by friends in the entire game.
 D = Other kills in this place as a percentage of other kills in the entire game.
 E = Experience gained in this place as a percentage of experience gained in the entire game.
 F = Experience gained in this place divided by the number of levels of this place that you have seen.
                   A       B       C       D       E      F
               +-------+-------+-------+-------+-------+----------------------
         Total | 100.0 | 100.0 |   N/A |   N/A | 100.0 |  22.0
       Dungeon | 100.0 | 100.0 |   N/A |   N/A | 100.0 |  22.0
               +-------+-------+-------+-------+-------+----------------------

Vault maps used:
D:1:      roderic_octagonal_star, nrook_mini_vaults, minmay_tiny_reverse_x
D:2:      lemuel_coloured_pillars_altar, tso_oasis_becter
